AoeStats
← DichterAnwal

Arena

507959639Analyzed
4v4 RM · 12d ago on Sep 20, 2026· 55m 57s· 8 players
Game mode
Random Map
Map size
Large (8 player)
Population
200
Speed
Normal
Resources
Standard
Victory
Conquest
Starting age
Dark Age
Ending age
Imperial Age
RankedLock teamsTeams togetherTeam positionsShared explorationLock speedFull tech treeHidden civsTurbo modeCheats
Victory
Defeat
🇩🇪 Burgundians · Germany
966
+14
🇨🇭 Chinese · Switzerland
954
+15
🇺🇸 Vietnamese · United States
951
+15
🇹🇷 Turks · Türkiye
945
+15
🇭🇰 Bulgarians · Hong Kong SAR China
971
-17
🇦🇺 Britons · Australia
927
-15
🇨🇳 Magyars · China
921
-14
🇹🇼 Italians · Taiwan
880
-13
DichterAnwal
10:35 Feudal Age
9:00 Double-Bit Axe
9:59 Horse Collar
16:57 Castle Age
15:56 Heavy Plow
16:13 Bow Saw
17:03 Wheelbarrow
16:31 Stone Mining
18:11 Stone Shaft Mining
17:34 Gold Mining
19:55 Gold Shaft Mining
24:39 Scale Barding Armor
25:23 Crop Rotation
32:07 Imperial Age
30:50 Burgundian Vineyards
31:11 Scale Mail Armor
31:23 Forging
31:14 Padded Archer Armor
31:06 Fletching
32:31 Two-Man Saw
33:14 Chain Barding Armor
33:10 Chain Mail Armor
33:31 Iron Casting
32:38 Pikeman
33:18 Squires
33:04 Arson
33:39 Elite Skirmisher
33:45 Elite Coustillier
34:48 Leather Archer Armor
34:52 Imperial Skirmisher
38:01 Bodkin Arrow
38:38 Plate Mail Armor
38:42 Arrowslits
38:54 Murder Holes
39:20 Ballistics
39:11 Fortified Wall
38:42 Treadmill Crane
40:17 Halberdier
45:51 Plate Barding Armor
46:16 Blast Furnace
45:17 Bracer
47:16 Bracer
Internet User
0:52 Loom
11:31 Feudal Age
12:11 Horse Collar
13:09 Wheelbarrow
14:22 Double-Bit Axe
17:45 Castle Age
17:02 Double-Bit Axe
21:03 Town Watch
21:47 Bow Saw
23:12 Stone Mining
25:17 Stone Shaft Mining
25:06 Town Patrol
27:25 Pikeman
28:06 Squires
32:32 Imperial Age
31:45 Masonry
31:32 Murder Holes
31:50 Fortified Wall
32:56 Heavy Plow
33:09 Forging
32:50 Fletching
33:00 Padded Archer Armor
33:15 Forging
33:05 Scale Mail Armor
33:12 Great Wall
34:43 Chemistry
34:07 Ballistics
33:41 Guard Tower
35:56 Conscription
35:45 Halberdier
39:44 Leather Archer Armor
39:25 Bodkin Arrow
42:30 Elite Chu Ko Nu
44:56 Elite Skirmisher
45:43 Thumb Ring
47:04 Imperial Skirmisher
48:52 Great Wall
49:27 Architecture
51:02 Bombard Tower
steffens-spieleadresse
10:58 Feudal Age
14:31 Castle Age
13:10 Double-Bit Axe
13:51 Stone Mining
15:43 Horse Collar
24:12 Gold Mining
24:30 Loom
25:22 Wheelbarrow
24:38 Town Watch
25:18 Heavy Plow
30:01 Imperial Age
28:02 Hand Cart
28:07 Padded Archer Armor
27:57 Fletching
28:08 Scale Mail Armor
28:18 Forging
28:57 Elite Skirmisher
29:29 Pikeman
29:58 Arson
30:31 Chain Mail Armor
30:27 Elite Fire Lancer
34:58 Imperial Skirmisher
38:20 Leather Archer Armor
38:00 Bodkin Arrow
38:36 Plate Mail Armor
38:41 Iron Casting
39:04 Bow Saw
40:15 Ring Archer Armor
39:45 Bracer
40:19 Ring Archer Armor
40:19 Plate Mail Armor
39:59 Squires
40:37 Ballistics
40:24 Siege Engineers
44:28 Scale Barding Armor
45:29 Chemistry
44:41 Fortified Wall
48:18 Bombard Tower
TidierCast1585
1:09 Loom
10:53 Feudal Age
12:46 Horse Collar
17:38 Castle Age
17:52 Double-Bit Axe
18:03 Gold Mining
26:40 Imperial Age
26:17 Padded Archer Armor
27:12 Wheelbarrow
28:11 Bow Saw
31:41 Artillery
32:38 Elite Janissary
40:02 Caravan
42:36 Leather Archer Armor
42:27 Scale Barding Armor
44:38 Chain Barding Armor
44:29 Forging
45:53 Bloodlines
45:44 Husbandry
49:12 Plate Barding Armor
49:12 Ring Archer Armor
51:43 Iron Casting
53:59 Gold Shaft Mining
老歪
0:29 Loom
11:24 Feudal Age
17:45 Castle Age
15:52 Double-Bit Axe
16:09 Horse Collar
16:31 Gold Mining
18:42 Heavy Plow
19:37 Wheelbarrow
19:26 Bow Saw
19:34 Stone Mining
27:21 Hand Cart
28:10 Stone Shaft Mining
32:41 Imperial Age
30:27 Forging
30:22 Scale Barding Armor
32:53 Iron Casting
32:38 Chain Barding Armor
32:19 Scale Mail Armor
33:12 Bloodlines
33:03 Husbandry
34:27 Blast Furnace
33:18 Fletching
34:26 Plate Barding Armor
33:18 Cavalier
35:11 Bodkin Arrow
35:31 Chain Mail Armor
35:23 Squires
35:09 Gambesons
36:59 Plate Mail Armor
36:31 Bracer
37:25 Conscription
37:01 Stirrups
39:07 Pikeman
40:53 Crop Rotation
41:02 Murder Holes
41:27 Ballistics
42:08 Chemistry
41:15 Siege Engineers
41:21 Masonry
41:07 Halberdier
44:30 Bagains
45:49 Caravan
45:54 Capped Ram
46:51 Light Cavalry
PapaHewy
11:29 Feudal Age
12:23 Horse Collar
12:43 Double-Bit Axe
20:19 Castle Age
18:59 Gold Mining
20:51 Crossbowman
21:25 Fletching
22:02 Heavy Plow
22:14 Bow Saw
24:46 Bodkin Arrow
24:52 Padded Archer Armor
25:10 Forging
25:01 Scale Mail Armor
29:01 Wheelbarrow
31:58 Hand Cart
34:33 Imperial Age
32:58 Gold Shaft Mining
34:40 Arbalester
36:24 Chemistry
35:45 Ballistics
36:39 Conscription
36:53 Yeomen
36:34 Warwolf
38:27 Bracer
38:43 Leather Archer Armor
38:44 Chain Mail Armor
39:04 Iron Casting
39:46 Squires
39:07 Pikeman
39:33 Gambesons
39:34 Arson
41:33 Halberdier
43:53 Plate Mail Armor
44:23 Blast Furnace
43:54 Ring Archer Armor
42:51 Elite Longbowman
46:15 Onager
49:08 Hoardings
50:40 Siege Engineers
OK旺仔
11:32 Feudal Age
15:52 Castle Age
13:46 Double-Bit Axe
16:44 Bow Saw
18:38 Horse Collar
20:39 Wheelbarrow
19:52 Loom
23:47 Gold Mining
24:51 Hand Cart
24:39 Stone Mining
27:13 Heavy Plow
29:42 Bloodlines
29:33 Husbandry
32:08 Imperial Age
30:34 Thumb Ring
32:16 Gold Shaft Mining
32:57 Recurve Bow
33:18 Conscription
33:25 Parthian Tactics
32:21 Heavy Cavalry Archer
32:54 Fletching
33:04 Padded Archer Armor
34:00 Town Watch
34:39 Murder Holes
35:44 Ballistics
37:18 Two-Man Saw
36:49 Crop Rotation
37:34 Chemistry
37:27 Siege Engineers
37:03 Treadmill Crane
36:54 Light Cavalry
38:21 Bodkin Arrow
38:42 Leather Archer Armor
48:05 Caravan
49:32 Bracer
50:03 Ring Archer Armor
49:35 Hussar
51:14 Scale Barding Armor
51:03 Cavalier
52:31 Chain Barding Armor
52:05 Paladin
明天早餐吃甚麼
10:53 Feudal Age
12:12 Double-Bit Axe
15:35 Castle Age
13:56 Double-Bit Axe
14:18 Horse Collar
15:46 Forging
16:57 Heavy Plow
18:27 Bloodlines
20:18 Wheelbarrow
26:00 Scale Mail Armor
28:08 Chain Mail Armor
32:06 Imperial Age
30:24 Hand Cart
30:30 Husbandry
33:59 Caravan
35:08 Iron Casting
37:38 Cavalier
38:59 Hand Cart
44:57 Plate Mail Armor
44:40 Scale Barding Armor
48:35 Chain Barding Armor
Connection lost

Rejoining the realm…

Still unreachable

The connection could not be restored.

Session expired

The server has moved on; the page needs a fresh start.